 Dungeon Crawl Stone Soup version 0.20-a0-792-g09bcfd3 (webtiles) character file.

5093 Goblin1989 the Archer (level 10, -16/80 HPs)
             Began as a Barachian Hunter on Feb 28, 2017.
             Was an Elder of Okawaru.
             Blown up by a great orb of eyes (41 damage)
             ... with a disintegration bolt
             ... on level 1 of the Abyss.
             The game lasted 00:30:45 (8619 turns).

Goblin1989 the Archer (Barachian Hunter)            Turns: 8619, Time: 00:30:45

Health: -16/80     AC: 15    Str: 15    XL:     10   Next: 57%
Magic:  10/10      EV: 15    Int: 16    God:    Okawaru [****..]
Gold:   43         SH:  4    Dex: 16    Spells: 4/9 levels left

rFire    + . .     SeeInvis .   a - +1 shortbow
rCold    . . .     Gourm    .   x - +1 scale mail {rF+}
rNeg     . . .     Faith    .   (shield currently unavailable)
rPois    .         Spirit   .   L - +2 hat
rElec    .         Reflect  +   N - scarf of Depression {+Fly MR+ Int+4}
rCorr    .         Harm     .   F - +2 pair of gloves
MR       +....                  H - +0 pair of boots
Stlth    ..........             K - +4 amulet of reflection
Regen    0.3/turn               f - +2 ring of strength
MPRegen  0.2/turn               m - +2 ring of evasion

@: slow
A: +LOS, swims, slowness 1, strong legs 1
a: Hop, Heroism, Renounce Religion, Evoke Flight


You were on level 1 of the Abyss.
You worshipped Okawaru.
Okawaru was greatly pleased with you.
You were not hungry.

You visited 1 branch of the dungeon, and saw 9 of its levels.
You visited the Abyss 1 time.
You also visited: Sewer and Ossuary.

You collected 566 gold pieces.
You spent 523 gold pieces at shops.

Inventory:

Hand Weapons
 a - a +1 shortbow (weapon)
 z - the +11 war axe of Caorou {freeze, Str+3}
   (You took it off an orc on level 7 of the Dungeon)

   It has been specially enchanted to freeze those struck by it, causing extra
   injury to most foes and up to half again as much damage against particularly
   susceptible opponents.
   It can also slow down cold-blooded creatures.
   It affects your strength (+3).
Missiles
 d - 191 arrows (quivered)
Armour
 g - a +0 plate armour
 x - a +1 scale mail of fire resistance (worn)
 E - a scarf of cold resistance
 F - a +2 pair of gloves (worn)
 H - a +0 pair of boots (worn)
 L - a +2 hat (worn)
 N - the scarf of Depression (worn) {+Fly MR+ Int+4}
   (You found it on level 8 of the Dungeon)

   It affects your intelligence (+4).
   It affects your resistance to hostile enchantments.
   It lets you fly.
Jewellery
 f - a +2 ring of strength (right hand)
 m - a +2 ring of evasion (left hand)
 q - an uncursed ring of fire
 r - an uncursed amulet of regeneration
 K - a +4 amulet of reflection (around neck)
Wands
 A - a wand of acid (15/15)
Scrolls
 n - 8 scrolls of remove curse {@r2}
 o - 2 scrolls of amnesia {unknown}
 t - 2 scrolls of fear {unknown}
 u - 2 scrolls of blinking {unknown}
 v - 3 scrolls of recharging
 y - 4 scrolls of enchant armour
 D - a scroll of random uselessness {unknown}
 G - 2 scrolls of immolation {unknown}
 J - a scroll of noise {unknown}
 M - 2 scrolls of magic mapping
 O - 3 scrolls of holy word
 R - a scroll of identify {@r1}
 T - 7 scrolls of teleportation {!r, @r3}
Potions
 b - a potion of invisibility {unknown}
 c - 3 potions of berserk rage
 j - 7 potions of curing {@q1}
 k - 2 potions of heal wounds {@q2, !q}
 l - 4 potions of mutation
 p - 5 potions of haste {@q3, !q}
 s - a potion of magic {unknown}
 w - a potion of lignification {unknown}
 B - a potion of resistance
 C - a potion of might
 I - 2 potions of flight
Comestibles
 e - 8 bread rations {@e1}
 h - 5 royal jellies
 i - 5 meat rations {@e2}


   Skills:
 + Level 8.0 Fighting
 * Level 9.0 Bows
 + Level 7.4 Armour
 + Level 7.0 Dodging
 - Level 0.8 Stealth
 - Level 8.0 Unarmed Combat


You had 4 spell levels left.
You knew the following spells:

 Your Spells              Type           Power        Failure   Level  Hunger
y - Song of Slaying       Chrm           #.......     95%         2    ###....
R - Regeneration          Chrm/Necr      #.........   99%         3    ####...


Dungeon Overview and Level Annotations

Branches:
Dungeon (9/15)             Temple (0/1) D:4
   Lair: D:8-11         Orc: D:9-12

Altars:
Elyvilon
Fedhas
Kikubaaqudgha
Nemelex Xobeh
Okawaru
Sif Muna
Trog
Uskayaw
Zin
The Shining One

Shops:
D:6 *   D:8 ?

Annotations:
D:9 Psyche


Innate Abilities, Weirdness & Mutations

Shadows flee at your approach. (+LOS)
You can swim through water.
You cover ground slowly.
You can hop short distances.


Message History

You shoot an arrow. The arrow hits Psyche!
Psyche is moderately wounded.
Psyche gestures wildly while chanting.
Psyche seems to speed up.
Firing (i - inventory):
d - 203 arrows (quivered)
Press: ? - help, Shift-Dir - straight line, f/p - Psyche
Aim: Psyche, wielding a dagger of distortion and wearing a robe (moderately wounded, fast, unusually resistant)
You shoot an arrow. The arrow closely misses Psyche.
Firing (i - inventory):
d - 202 arrows (quivered)
Press: ? - help, Shift-Dir - straight line, f/p - Psyche
Aim: Psyche, wielding a dagger of distortion and wearing a robe (moderately wounded, fast, unusually resistant)
You shoot an arrow. The arrow closely misses Psyche.
Firing (i - inventory):
d - 201 arrows (quivered)
Press: ? - help, Shift-Dir - straight line, f/p - Psyche
Aim: Psyche, wielding a dagger of distortion and wearing a robe (moderately wounded, fast, unusually resistant)
You shoot an arrow. The arrow closely misses Psyche.
Firing (i - inventory):
d - 200 arrows (quivered)
Press: ? - help, Shift-Dir - straight line, f/p - Psyche
Aim: Psyche, wielding a dagger of distortion and wearing a robe (moderately wounded, fast, unusually resistant)
You shoot an arrow. The arrow hits Psyche.
Psyche is moderately wounded.
Firing (i - inventory):
d - 199 arrows (quivered)
Press: ? - help, Shift-Dir - straight line, f/p - Psyche
Aim: Psyche, wielding a dagger of distortion and wearing a robe (moderately wounded, fast, unusually resistant)
You shoot an arrow. The arrow hits Psyche.
Psyche is heavily wounded.
Firing (i - inventory):
d - 198 arrows (quivered)
Press: ? - help, Shift-Dir - straight line, f/p - Psyche
Aim: Psyche, wielding a dagger of distortion and wearing a robe (heavily wounded, fast, unusually resistant)
You shoot an arrow. The arrow hits Psyche!
Psyche is heavily wounded.
Psyche miscasts a cantrip.
Firing (i - inventory):
d - 197 arrows (quivered)
Press: ? - help, Shift-Dir - straight line, f/p - Psyche
Aim: Psyche, wielding a dagger of distortion and wearing a robe (heavily wounded, fast, unusually resistant)
You shoot an arrow. The arrow closely misses Psyche.
Psyche barely misses you.
Firing (i - inventory):
d - 196 arrows (quivered)
Press: ? - help, Shift-Dir - straight line, f/p - Psyche
Aim: Psyche, wielding a dagger of distortion and wearing a robe (heavily wounded, fast, unusually resistant)
You shoot an arrow. The arrow closely misses Psyche.
Psyche gestures at you while chanting. The puff of frost hits you!
You take 9 damage, and have 54/80 hp.
Firing (i - inventory):
d - 195 arrows (quivered)
Press: ? - help, Shift-Dir - straight line, f/p - Psyche
Aim: Psyche, wielding a dagger of distortion and wearing a robe (heavily wounded, fast, unusually resistant)
You shoot an arrow. The arrow closely misses Psyche.
Psyche points at you and mumbles some strange words.
The puff of flame hits you!
Firing (i - inventory):
d - 194 arrows (quivered)
Press: ? - help, Shift-Dir - straight line, f/p - Psyche
Aim: Psyche, wielding a dagger of distortion and wearing a robe (heavily wounded, fast, unusually resistant)
You shoot an arrow. The arrow completely misses Psyche.
You feel like a meek peon again. Psyche gestures at you while chanting.
The magic dart hits you!
You take 4 damage, and have 50/80 hp.
Firing (i - inventory):
d - 193 arrows (quivered)
Press: ? - help, Shift-Dir - straight line, f/p - Psyche
Aim: Psyche, wielding a dagger of distortion and wearing a robe (heavily wounded, fast, unusually resistant)
You shoot an arrow. The arrow barely misses Psyche.
Psyche hits you but does no damage. Space bends around you.
Psyche barely misses you.
You take 5 damage, and have 45/80 hp.
Press: ? - help, v - describe, . - travel
Here: Psyche, wielding a dagger of distortion and wearing a robe (heavily wounded, fast, unusually resistant)
The floor.
Unknown command.
Firing (i - inventory):
d - 192 arrows (quivered)
Press: ? - help, Shift-Dir - straight line, f/p - Psyche
Aim: Psyche, wielding a dagger of distortion and wearing a robe (heavily wounded, fast, unusually resistant)
You shoot an arrow. The arrow hits Psyche.
Psyche is severely wounded.
Psyche hits you with a dagger of distortion.
You are cast into the Abyss!
To return, you must find a gate leading back.
Killing monsters will force the Abyss to allow you passage.
This branch contains the abyssal rune of Zot.
You take 1 damage, and have 44/80 hp.
MP restored: 10 You now have 43 gold pieces (gained 9).
h - 5 royal jellies (gained 1)
A flying skull comes into view.
All of the chunks of flesh in your inventory have rotted away.
J - a scroll labeled ESETIT PAWNAM You are ready to hop once more.
A great orb of eyes comes into view.
The great orb of eyes turns its gaze towards you.
The great orb of eyes gazes at you. You resist with significant effort.
A large abomination comes into view.
The large abomination moves out of view.
The great orb of eyes gazes at you.
You are blasted!
* * * LOW HITPOINT WARNING * * *
You take 37 damage, and have 24/80 hp.
O_OOPS!!
MASSIVE DAMAGE!!
The great orb of eyes gazes at you.
You are blasted!
Ouch! That really hurt!
You die... █. .█. .██ .. █ . ██ █ .█. ..█. . █G██

█ ██.█..███.█.█
█...██
█..███.....██ █
...█.██.....██.█
█. █
██......██.█..█
.
.█████████.....█
█ █
█.█..█.█.█@███
██.█..██.....█
██..███.█G.█.█ .
██G..█.X█.█.█ .
█....█..█.████ █
.X .██.██.█ █
█.█.█...█ .█ █.
█.███ █.██ . █
..█ .█. .. █


You could see a great orb of eyes and a large abomination.

Vanquished Creatures
  2 two-headed ogres (D:8)
  The ghost of dxctxrx the Cruncher, an amateur MiGl (D:4)
  Grinder (D:5)
  A wyvern (D:9)
  Menkaure (D:5)
  Edmund (D:5)
  A water moccasin (D:8)
  3 phantoms
  An ice beast (D:7)
  5 ogres
  2 centaurs
  4 big kobolds (Sewer)
  2 elf zombies (Ossuary)
  3 bullfrogs (D:8)
  3 scorpions
  3 killer bees
  4 wights (D:7)
  A bullfrog zombie (D:6)
  2 centaur zombies
  3 crimson imps
  A human zombie (Ossuary)
  A jelly (D:6)
  A bullfrog skeleton (D:8)
  2 hounds
  2 orc priests
  A centaur skeleton (D:5)
  2 orc wizards
  Jessica (D:3)
  An iguana (D:5)
  3 worker ants
  A big kobold zombie (Ossuary)
  2 mummies (Ossuary)
  A howler monkey skeleton (D:6)
  7 adders
  3 gnolls (D:8)
  A river rat (D:3)
  3 shadow imps
  An ooze (Sewer)
  2 adder zombies (Ossuary)
  An adder skeleton (D:4)
  7 worms
  A dart slug (D:4)
  8 leopard geckos
  7 orcs
  4 ball pythons
  5 giant cockroaches
  7 goblins
  6 hobgoblins
  8 jackals
  7 quokkas
  3 bats
  4 frilled lizards
  A goblin zombie (Ossuary)
  9 hobgoblin zombies (Ossuary)
  16 kobolds
  10 kobold zombies (Ossuary)
  7 orc zombies (Ossuary)
  9 rats
  2 rat zombies (Ossuary)
202 creatures vanquished.

Notes
Turn   | Place    | Note
-------+----------+-------------------------------------------
     0 | D:1      | Goblin1989 the Barachian Hunter began the quest for the Orb.
     0 | D:1      | Reached XP level 1. HP: 17/17 MP: 1/1
    61 | D:1      | Reached XP level 2. HP: 8/24 MP: 2/2
   569 | D:1      | Reached skill level 1 in Unarmed Combat
   716 | D:1      | Reached XP level 3. HP: 29/29 MP: 3/3
  1639 | D:2      | Found a glowing golden altar of the Shining One.
  1641 | D:2      | Found a sparkling altar of Nemelex Xobeh.
  1641 | D:2      | Found a blossoming altar of Fedhas.
  1657 | D:2      | Found a bloodstained altar of Trog.
  1890 | D:2      | Reached XP level 4. HP: 35/35 MP: 4/4
  2056 | D:3      | Found a glowing drain.
  2089 | Sewer    | Entered a sewer
  2273 | Sewer    | Noticed a big kobold
  2275 | Sewer    | Noticed a big kobold
  2298 | Sewer    | Killed a big kobold
  2298 | Sewer    | Reached skill level 5 in Unarmed Combat
  2298 | Sewer    | Reached XP level 5. HP: 14/41 MP: 5/5
  2300 | Sewer    | Killed a big kobold
  2300 | Sewer    | Reached XP level 6. HP: 13/47 MP: 6/6
  2825 | D:3      | Found an iron altar of Okawaru.
  2825 | D:3      | Found a glowing silver altar of Zin.
  2832 | D:3      | Became a worshipper of Warmaster Okawaru
  2926 | D:3      | Noticed Jessica
  2931 | D:3      | Killed Jessica
  3093 | D:3      | Reached XP level 7. HP: 49/52 MP: 7/7
  3228 | D:4      | Found a sand-covered staircase.
  3240 | Ossuary  | Entered an ossuary
  3407 | Ossuary  | Reached skill level 1 in Armour
  3590 | Ossuary  | Reached * piety under Okawaru
  3928 | D:4      | Found a staircase to the Ecumenical Temple.
  3929 | D:4      | Noticed dxctxrx's ghost (amateur MiGl)
  3955 | D:4      | Killed dxctxrx's ghost
  3955 | D:4      | Reached XP level 8. HP: 11/61 MP: 5/8
  4388 | D:4      | Reached skill level 5 in Fighting
  4465 | D:4      | Found an ancient bone altar of Kikubaaqudgha.
  4624 | D:5      | Entered Level 5 of the Dungeon
  4633 | D:5      | Noticed Menkaure
  4655 | D:5      | Killed Menkaure
  4667 | D:5      | Found a deep blue altar of Sif Muna.
  4797 | D:5      | Reached skill level 5 in Bows
  4901 | D:5      | Reached ** piety under Okawaru
  5045 | D:5      | Noticed Edmund
  5086 | D:5      | Killed Edmund
  5159 | D:5      | Reached XP level 9. HP: 69/69 MP: 9/9
  5333 | D:5      | Found a white marble altar of Elyvilon.
  5396 | D:5      | Noticed Grinder
  5410 | D:5      | Killed Grinder
  5410 | D:5      | Reached skill level 6 in Bows
  5410 | D:5      | Reached skill level 5 in Dodging
  5544 | D:5      | Reached skill level 5 in Armour
  5717 | D:6      | Found Ufri's Assorted Antiques.
  5726 | D:6      | Bought a scroll labeled POUTUIM PAKLOC for 20 gold pieces
  5726 | D:6      | Bought a scroll labeled POUTUIM PAKLOC for 20 gold pieces
  5726 | D:6      | Bought a scroll labeled DOAZYVVAANE for 20 gold pieces
  5726 | D:6      | Bought a scroll labeled DOAZYVVAANE for 20 gold pieces
  5726 | D:6      | Bought a scroll labeled DOAZYVVAANE for 20 gold pieces
  5726 | D:6      | Bought a potion of might for 80 gold pieces
  6538 | D:6      | Reached skill level 7 in Bows
  6676 | D:7      | Learned a level 2 spell: Song of Slaying
  6680 | D:7      | Learned a level 3 spell: Regeneration
  6708 | D:7      | Reached *** piety under Okawaru
  6761 | D:7      | Got a crystal war axe {freeze}
  6764 | D:7      | Identified the +11 war axe of Caorou {freeze, Str+3} (You took it off an orc on level 7 of the Dungeon)
  7048 | D:8      | Got a jewelled scarf
  7059 | D:8      | Identified the scarf of Depression {+Fly MR+ Int+4} (You found it on level 8 of the Dungeon)
  7185 | D:8      | Found Jublet's Magic Scroll Shoppe.
  7198 | D:8      | Bought a scroll of identify for 28 gold pieces
  7198 | D:8      | Bought 3 scrolls of holy word for 315 gold pieces
  7440 | D:8      | Noticed a two-headed ogre
  7453 | D:8      | Killed a two-headed ogre
  7453 | D:8      | Reached **** piety under Okawaru
  7453 | D:8      | Reached skill level 8 in Bows
  7453 | D:8      | Reached XP level 10. HP: 24/79 MP: 10/10
  7784 | D:8      | Received a gift from Okawaru
  8072 | D:8      | Found a hide-covered altar of Uskayaw.
  8350 | D:8      | Noticed a two-headed ogre
  8363 | D:8      | Killed a two-headed ogre
  8510 | D:9      | Reached skill level 9 in Bows
  8532 | D:9      | Noticed Psyche
  8550 | D:9      | Cast into level 1 of the Abyss (Psyche)
  8605 | Abyss:1  | Noticed a great orb of eyes
  8611 | Abyss:1  | Noticed a large abomination
  8619 | Abyss:1  | Blown up by a great orb of eyes

Vault maps used:
D:1:      dpeg_arrival_fog, minmay_misc_feat_five, minmay_tripent
D:2:      grunt_temple_overflow_open, first_bread, corexii_hall_statues_i,
          supply_closet_lemuel
D:3:      gammafunk_temple_overflow_pools, gup_sewer_entry_bowl, uniq_jessica
D:4:      marbit_many_paths, temple_statues,
          lightli_ossuary_entry_decrepit_ruins, kennysheep_generic_room_10
D:5:      nicolae_overflow_hidden_temple, lemuel_coloured_pillars_altar,
          minivault_19, hangedman_abyss_or_decor_lesser_grid, uniq_edmund,
          uniq_grinder, uniq_menkaure
D:6:      serial_shops, nicolae_shop_crystal
D:8:      kennysheep_little_box, serial_shops, shop
D:9:      minmay_lair_entry_lava, minmay_orc_entry_guard_dogs, serial_shops,
          shop, shop_statue, hangedman_pestilent_swarm, uniq_psyche,
          uniq_prince_ribbit1, uniq_erica
Sewer:    sewer_co_15_rooms
Ossuary:  ossuary_tomb_1

Skill      XL: |  1  2  3  4  5  6  7  8  9 10 |
---------------+-------------------------------+-----
Fighting       | 3 4 5 7 8 |  8.0
Unarmed Combat | 1 3 5 7 8 |  8.0
Armour         | 2 4 6 7 |  7.4
Dodging        | 3 4 6 7 |  7.0
Bows           | 5 8 9 |  9.0
Stealth        | |  0.8

Action                   |  1- 3 |  4- 6 |  7- 9 | 10-12 || total
-------------------------+-------+-------+-------+-------++-------
Melee: Short sword       |    26 |       |       |       ||    26
       Unarmed           |       |    48 |   502 |    71 ||   621
       Punch             |       |       |    22 |     1 ||    23
       War axe           |       |       |    32 |       ||    32
 Fire: Shortbow          |   101 |    99 |   105 |    28 ||   333
Invok: Heroism           |       |       |     5 |     2 ||     7
 Abil: Hop               |       |     1 |     5 |     2 ||     8
  Use: Scroll            |       |     2 |    10 |       ||    12
       Potion            |       |       |     2 |       ||     2
  Eat: Chunk             |     4 |     4 |    13 |     2 ||    23
       Fruit             |       |       |     4 |       ||     4
       Royal jelly       |       |       |       |     1 ||     1
Armor: Leather armour    |    21 |    14 |       |       ||    35
       Scale mail        |       |     4 |   173 |    18 ||   195
Dodge: Dodged            |    52 |    42 |   289 |    44 ||   427
Block: Other             |       |       |     5 |     6 ||    11

Vault maps used:
D:1:      dpeg_arrival_fog, minmay_misc_feat_five, minmay_tripent
D:2:      grunt_temple_overflow_open, first_bread, corexii_hall_statues_i,
          supply_closet_lemuel
D:3:      gammafunk_temple_overflow_pools, gup_sewer_entry_bowl, uniq_jessica
D:4:      marbit_many_paths, temple_statues,
          lightli_ossuary_entry_decrepit_ruins, kennysheep_generic_room_10
D:5:      nicolae_overflow_hidden_temple, lemuel_coloured_pillars_altar,
          minivault_19, hangedman_abyss_or_decor_lesser_grid, uniq_edmund,
          uniq_grinder, uniq_menkaure
D:6:      serial_shops, nicolae_shop_crystal
D:8:      kennysheep_little_box, serial_shops, shop
D:9:      minmay_lair_entry_lava, minmay_orc_entry_guard_dogs, serial_shops,
          shop, shop_statue, hangedman_pestilent_swarm, uniq_psyche,
          uniq_prince_ribbit1, uniq_erica
Sewer:    sewer_co_15_rooms
Ossuary:  ossuary_tomb_1
